 Dungeon Crawl Stone Soup version 0.31-a0-187-gba352fbbf7 (webtiles) character file.

Game seed: 15725559975380806652

63 qw the Shooter (level 3, -1/20 HPs)
             Began as a Deep Elf Hunter on June 22, 2023.
             Slain by a gnoll
             ... wielding a +0 flail
              (8 damage)
             ... on level 2 of the Dungeon.
             The game lasted 00:00:27 (993 turns).

qw the Shooter (Deep Elf Hunter)                     Turns: 993, Time: 00:00:28

Health: -1/20      AC:  8    Str: 10    XL:     3   Next: 89%
Magic:  5/5        EV: 11    Int: 13    God:
Gold:   55         SH:  5    Dex: 18    Spells: 2/2 levels left

rFire   . . .        Y - +0 shortbow
rCold   . . .        (shield currently unavailable)
rNeg    . . .        i - +0 ring mail
rPois   .            e - +2 helmet
rElec   .            (no cloak)
rCorr   .            (no gloves)
SInv    .            (no boots)
Will    .....        h - amulet of reflection
Stlth   +            (no ring)
HPRegen 0.23/turn    (no ring)
MPRegen 0.09/turn

%: reflection
@: no status effects
A: no striking features
a: no special abilities


You were on level 2 of the Dungeon.
You visited 1 branch of the dungeon, and saw 2 of its levels.

You collected 55 gold pieces.


   Skills:
 - Level 1.5 Fighting
 + Level 7.3 Ranged Weapons
 - Level 2.4 Dodging
 - Level 1.2 Stealth


You had 2 spell levels left.
You didn't know any spells.
Your spell library was empty.

Inventory:

Hand Weapons
 Y - a +0 shortbow (weapon)
Armour
 e - a +2 helmet (worn)
 i - a +0 ring mail (worn)
Jewellery
 h - an amulet of reflection (around neck)
Scrolls
 a - a scroll of noise {unknown}
 c - a scroll of fear {unknown}
Potions
 b - a potion of haste {unknown}
 d - a potion of brilliance {unknown}
 f - a potion of curing
 l - a potion of mutation {unknown}

Dungeon Overview and Level Annotations

Branches:
Dungeon (2/15)

Altars:

Shops:
D:1 [


Message History

A gnoll comes into view. It is wielding a +0 spear.
You shoot an arrow. The arrow hits the gnoll!
The gnoll is heavily wounded.
The gnoll hits you but does no damage.
You shoot an arrow.
The arrow hits the gnoll but does no damage.
The gnoll is heavily wounded.
The gnoll barely misses you. The gnoll hits you but does no damage.
You shoot an arrow. The arrow hits the gnoll.
The gnoll is severely wounded.
The gnoll hits you but does no damage.
You shoot an arrow. The arrow hits the gnoll.
The gnoll is almost dead.
The gnoll closely misses you.
You shoot an arrow. The arrow closely misses the gnoll.
The gnoll misses you.
You shoot an arrow. The arrow hits the gnoll.
You kill the gnoll!
You shoot an arrow. The arrow barely misses the gnoll.
The gnoll hits you with a +0 flail.
You shoot an arrow. The arrow closely misses the gnoll.
You block the gnoll's attack.
You shoot an arrow. The arrow hits the gnoll.
The gnoll is lightly wounded.
You block the gnoll's attack.
You shoot an arrow. The arrow closely misses the gnoll.
The gnoll completely misses you.
You shoot an arrow. The arrow barely misses the gnoll.
The gnoll hits you but does no damage. The gnoll barely misses you.
You shoot an arrow. The arrow barely misses the gnoll.
The gnoll hits you but does no damage.
You shoot an arrow. The arrow hits the gnoll!
The gnoll is severely wounded.
The gnoll closely misses you.
You shoot an arrow. The arrow hits the gnoll.
The gnoll is almost dead.
The gnoll hits you with a +0 flail!
You shoot an arrow. The arrow closely misses the gnoll.
The gnoll hits you with a +0 flail. The gnoll hits you with a +0 flail!
You die...

### ..# ##
#.# .. #$#
#. #.#
###..##.#
.
.....)g.#
###. #@#
... #%#
#.. ...
#.# #.#
#.# #.#
#.# #.#
#.# ##%#
#.#
#.######
#..# #.#
#....).#
##.## #.#
#.####.#
#.#.####.#
#....#


You could see a gnoll.

Vanquished Creatures
  2 gnolls (D:2)
  An adder (D:2)
  A dart slug (D:1)
  4 bats
  2 endoplasms
  A giant cockroach (D:2)
  3 goblins
  6 hobgoblins
  3 kobolds
  3 ball pythons (D:1)
  3 frilled lizards
  2 rats
31 creatures vanquished.

Notes
Turn   | Place    | Note
-------+----------+-------------------------------------------
     0 | D:1      | qw the Deep Elf Hunter began the quest for the Orb.
     0 | D:1      | Reached XP level 1. HP: 12/12 MP: 3/3
     0 | D:1      | 0 ||| qw: Version: 0.3-a-9-g12657ce
     0 | D:1      | 0 ||| qw: Game counter: 2608
     0 | D:1      | 0 ||| qw: Always use a shield: true
     0 | D:1      | 0 ||| qw: God list: Okawaru
     0 | D:1      | 0 ||| qw: Allow faded altars: false
     0 | D:1      | 0 ||| qw: Do Orc after D:15 true
     0 | D:1      | 0 ||| qw: Do second Lair branch before Depths: true
     0 | D:1      | 0 ||| qw: Lair rune preference: random
     0 | D:1      | 0 ||| qw: Plans: Normal
     0 | D:1      | 0 ||| PLANNING D:1-11
   237 | D:1      | Reached XP level 2. HP: 16/16 MP: 4/4
   261 | D:1      | Found Ceaw Run's Antique Armour Boutique.
   267 | D:1      | 267 ||| SHOPLISTING ancient helmet (190 gold, have 37).
   267 | D:1      | 267 ||| SHOPLISTING pair of boots (90 gold, have 37).
   267 | D:1      | 267 ||| SHOPLISTING pair of embroidered gloves (150 gold,
                  | have 37).
   267 | D:1      | 267 ||| SHOPLISTING pair of gloves (90 gold, have 37).
   267 | D:1      | 267 ||| SHOPLISTING pair of glowing boots (150 gold, have
                  | 37).
   267 | D:1      | 267 ||| SHOPLISTING runed leather armour (100 gold, have
                  | 37).
   282 | D:1      | Reached skill level 6 in Ranged Weapons
   758 | D:1      | 758 ||| UPGRADING to +2 helmet.
   763 | D:1      | 763 ||| UPGRADING to +0 ring mail.
   773 | D:1      | 773 ||| DROPPING +0 leather armour.
   774 | D:1      | 774 ||| UPGRADING to amulet of reflection.
   779 | D:1      | 779 ||| READING scroll labelled URHOSY DAFEI.
   780 | D:1      | 780 ||| READING scroll labelled SOHEDGH KOIHYI.
   781 | D:1      | 781 ||| READING scroll labelled PAEGEITI PEGEO.
   784 | D:1      | 784 ||| DRINKING 2 dark potions.
   785 | D:1      | 785 ||| DROPPING scroll of butterflies.
   878 | D:2      | Reached XP level 3. HP: 20/20 MP: 5/5
   978 | D:2      | Reached skill level 7 in Ranged Weapons
   993 | D:2      | Slain by a gnoll

Levels and vault maps discovered:
D:1:      dpeg_arrival_water_fire, layout_basic, serial_shops, shop_fountains,
          chequers_serial_rivers_micro_a, kennysheep_crisscross, grunt_decor_cap
D:2:      layout_loops_ring

Skill      XL: |  1  2  3 |
---------------+----------+-----
Ranged Weapons | 6 7 |  7.3
Fighting       | |  1.5
Dodging        | |  2.4
Stealth        | |  1.2

Action                     || total
---------------------------++-------
   Fire: Shortbow          ||   115
    Use: Scroll            ||     3
         Potion            ||     1
 Armour: Leather armour    ||     5
         Ring mail         ||     8
  Dodge: Dodged            ||    22
  Block: Other             ||     7

Table legend:
 A = Non-vault XP
 B = Vault XP
 C = Vault XP percentage of total XP
 D = Non-vault monster count
 E = Vault monster count
 F = Vault count percentage of total count
                 A         B        C        D         E       F
            +---------+---------+-------+---------+---------+-------
      Total |      91 |       0 |   0.0 |      31 |       0 |   0.0
            +---------+---------+-------+---------+---------+-------
        D:1 |      30 |       0 |   0.0 |      17 |       0 |   0.0
        D:2 |      61 |       0 |   0.0 |      14 |       0 |   0.0
            +---------+---------+-------+---------+---------+-------
